 Dungeon Crawl Stone Soup version 0.14-a0-2964-g8dc6adb (webtiles) character file.

314 4tharraofdagon the Cudgeler (level 5, -2/57 HPs)
             Began as an Ogre Berserker on Mar 5, 2014.
             Was an Initiate of the Shining One.
             Slain by a sky beast (5 damage)
             ... on Level 5 of the Dungeon.
             The game lasted 00:05:01 (779 turns).

4tharraofdagon the Cudgeler (Ogre Berserker)         Turns: 779, Time: 00:05:02

HP  -2/57        AC  3     Str 23      XL: 5   Next: 36%
MP   5/5         EV 16     Int 10      God: the Shining One [......]
Gold 160         SH  0     Dex 14      Spells:  0 memorised,  4 levels left

rFire  . . .     SeeInvis .     j - +2,+1 flail (crush)
rCold  . . .     Clarity  .     b - +0 animal skin
rNeg   . . .     Conserve .     (shield restricted)
rPois  .         rCorr    .     (helmet restricted)
rElec  .         rRot     .     (no cloak)
SustAb . .       Spirit   .     (gloves unavailable)
rMut   .         Warding  .     (boots unavailable)
Saprov + . .     Stasis   .     (no amulet)
MR     .....                    (no ring)
                                i - +2 ring of intelligence

@: agile, very slightly contaminated, hasted, very quick, not resistant to
hostile enchantments, stealthy
A: unfitting armour, clever 1, fast metabolism 1, saprovore 1, tough skin 1
a: Renounce Religion


You were on level 5 of the Dungeon.
You worshipped the Shining One.
The Shining One was noncommittal.
You were hungry.

You visited 1 branch of the dungeon, and saw 6 of its levels.

You collected 160 gold pieces.

Inventory:

Hand weapons
 a - a +0,+0 mace
 j - a +2,+1 flail of crushing (weapon)
Armour
 b - a +0 animal skin (worn)
Magical devices
 d - a wand of fireball (4)
Comestibles
 c - 2 meat rations
 h - 2 snozzcumbers
 m - a choko
Scrolls
 e - 3 scrolls of remove curse
 f - a scroll of immolation {unknown}
 g - 3 scrolls of identify {unknown}
 l - 3 scrolls of enchant weapon II {unknown}
Jewellery
 i - a +2 ring of intelligence (left hand)
 k - a -4 ring of protection
Potions
 n - a potion of speed


   Skills:
 + Level 5.1 Fighting
 * Level 6.1 Maces & Flails
 + Level 3.7 Dodging


You had 4 spell levels left.
You didn't know any spells.

Dungeon Overview and Level Annotations

Branches:
Dungeon (6/16)             Temple (0/1) D:5

Altars:
The Shining One


Innate Abilities, Weirdness & Mutations

You are too large for most types of armour.
You have a fast metabolism.
You can tolerate rotten meat.
You have tough skin (AC +1).
Your mind is acute. (Int +2)


Message History

The sky beast is heavily wounded.
The sky beast hits you.
* * * LOW HITPOINT WARNING * * *
The sky beast shocks you!
* * * LOW HITPOINT WARNING * * *
The crimson imp blinks!
You hit the sky beast.
The sky beast is severely wounded.
The sky beast closely misses you.
Unknown command.
You closely miss the sky beast.
The sky beast is severely wounded.
The sky beast closely misses you.
Unknown command.
You hit the sky beast but do no damage.
The sky beast is severely wounded.
The sky beast hits you.
* * * LOW HITPOINT WARNING * * *
The sky beast shocks you.
You die...

.......#...##...#.##.#...
........#...##...#......(.
..........................
...............>..........
..........##5..............
..⌠...#..#####5...........
.... #..# #.#.####.#..#
.>.⌠.#..#####.#.# #.#...
.........@I....#.# ......
.⌠.....#####.5.......#..#
........ .........###..#
.......# ###.........
......# #......$.. .....#
#..#+#... +#..# #..# .. .
.... ....


You could see a sky beast and a crimson imp.

Vanquished Creatures
  A crimson imp (D:5)
  2 worker ants
  Jessica (D:2)
  2 gnolls (D:2)
  A giant mite (D:2)
  A giant gecko (D:1)
  An orc (D:3)
  A ball python (D:3)
  4 bats
  5 hobgoblins
  A quokka (D:5)
  2 giant cockroaches
  A giant newt (D:2)
  2 goblins
  3 kobolds
  3 rats
31 creatures vanquished.

Notes
Turn   | Place    | Note
--------------------------------------------------------------
     0 | D:1      | 4tharraofdagon, the Ogre Berserker, began the quest for the Orb.
     0 | D:1      | Reached XP level 1. HP: 24/24 MP: 1/1
   115 | D:2      | Reached XP level 2. HP: 14/32 MP: 2/2
   203 | D:2      | Reached XP level 3. HP: 26/40 MP: 3/3
   265 | D:2      | Found a glowing golden altar of the Shining One.
   268 | D:2      | Fell from the grace of Trog
   268 | D:2      | Became a worshipper of the Shining One
   287 | D:2      | Reached skill level 5 in Maces & Flails
   290 | D:2      | Noticed Jessica
   295 | D:2      | Killed Jessica
   295 | D:2      | Reached XP level 4. HP: 25/49 MP: 4/4
   661 | D:5      | Entered Level 5 of the Dungeon
   681 | D:5      | Reached XP level 5. HP: 30/55 MP: 5/5
   690 | D:5      | Reached skill level 5 in Fighting
   690 | D:5      | Reached skill level 6 in Maces & Flails
   731 | D:5      | Noticed a sky beast
   733 | D:6      | Noticed a sky beast
   747 | D:5      | Found a staircase to the Ecumenical Temple.
   773 | D:5      | Gained mutation: Your mind is acute. (Int +2) [potion of beneficial mutation]
   779 | D:5      | Slain by a sky beast

Action                   |  1- 3 |  4- 6 || total
-------------------------+-------+-------++-------
Melee: Mace              |    55 |    12 ||    67
       Flail             |       |    44 ||    44
Invok: Berserk           |     1 |       ||     1
Evoke: Wand              |       |     1 ||     1
  Use: Potion            |     1 |     4 ||     5
       Scroll            |       |     1 ||     1
